 Dungeon Crawl Stone Soup version 0.27.0-1-g7a089689b8 (webtiles) character file.

Game seed: 3885254371962661599

112 Smaepdii the Poker (level 4, -1/35 HPs)
             Began as a Merfolk Gladiator on Aug 12, 2021.
             Slain by a scorpion (8 damage)
             ... on level 5 of the Dungeon.
             The game lasted 00:07:08 (2382 turns).

Smaepdii the Poker (Merfolk Gladiator)              Turns: 2382, Time: 00:07:09

Health: -1/35      AC:  6    Str: 14    XL:     4   Next: 95%
Magic:  4/4        EV: 12    Int:  7    God:
Gold:   52         SH:  0    Dex: 16    Spells: 3/3 levels left

rFire    . . .     SeeInvis .   a - +0 trident
rCold    . . .     Faith    .   (no shield)
rNeg     . . .     Spirit   .   f - +0 ring mail
rPois    .         Reflect  .   c - +0 helmet
rElec    .         Harm     .   (no cloak)
rCorr    .         Rampage  .   (no gloves)
Will     .....                  (no boots)
Stlth    +.........             (no amulet)
HPRegen  0.11/turn              (no ring)
MPRegen  0.09/turn              (no ring)

@: lethally poisoned (-1 -> -13)
A: (nimble swimmer 2), mertail
a: no special abilities


You were on level 5 of the Dungeon.
You visited 1 branch of the dungeon, and saw 5 of its levels.

You collected 52 gold pieces.

Inventory:

Hand Weapons
 a - a +0 trident (weapon)
Missiles
 d - 3 throwing nets (quivered)
Armour
 c - a +0 helmet (worn)
 f - a +0 ring mail (worn)
Jewellery
 l - a ring of protection from cold
Scrolls
 b - a scroll of acquirement {unknown}
 g - a scroll of identify {unknown}
 i - a scroll of enchant weapon {unknown}
Potions
 e - a potion of invisibility {unknown}
 h - a potion of haste {unknown}
 j - 2 potions of curing {unknown}
 k - a potion of flight {unknown}


   Skills:
 + Level 3.2 Fighting
 * Level 6.4 Polearms
 - Level 2.0 Throwing
 + Level 5.0 Dodging


You had 3 spell levels left.
You didn't know any spells.
Your spell library was empty.

Dungeon Overview and Level Annotations

Branches:
Dungeon (6/15)
 Temple: D:4-7

Altars:


Innate Abilities, Weirdness & Mutations

((You are quick and stealthy near water. (Stealth+, EV+, Speed+++)))
Your lower body shifts to a powerful aquatic tail in water.


Message History

You reach to attack!
You hit the scorpion.
The scorpion is moderately wounded.
The scorpion struggles against the net.
The net rips apart, and the scorpion comes free!
Reach: a) +0 trident
Press: ? - help, Dir - move target, f/p - scorpion
Aim: a scorpion (moderately wounded, about 37% to evade your +0 trident)
You reach to attack!
You hit the scorpion.
The scorpion is heavily wounded.
The scorpion closely misses you.
You hit the scorpion.
The scorpion is severely wounded.
The scorpion stings you but does no damage.
You completely miss the scorpion.
The scorpion is severely wounded.
The scorpion closely misses you.
You hit the scorpion.
The scorpion is severely wounded.
The scorpion closely misses you. The scorpion stings you.
You closely miss the scorpion.
The scorpion is severely wounded.
The scorpion stings you!
You are poisoned.
The scorpion poisons you!
You hit the scorpion.
The scorpion is severely wounded.
You feel very sick. The scorpion stings you.
You are lethally poisoned!
The scorpion poisons you!
You hit the scorpion.
The scorpion is almost dead.
You feel very sick. The scorpion closely misses you.
You closely miss the scorpion.
The scorpion is almost dead.
* * * LOW HITPOINT WARNING * * *
You feel very sick. The scorpion stings you!
You die...

... ...
... #.#
### #.#
...
#.##.####
#........
#@.#
#..####s.#
#........#
#.#####.##
#(.....#
####.#.# #


You could see a scorpion.

Vanquished Creatures
  Terence (D:2)
  3 adders (D:2)
  2 worms
  7 ball pythons
  6 endoplasms
  6 goblins
  2 hobgoblins (D:1)
  4 jackals (D:1)
  2 quokkas (D:1)
  6 bats
  7 frilled lizards
  5 kobolds
  4 rats
55 creatures vanquished.

Notes
Turn   | Place    | Note
-------+----------+-------------------------------------------
     0 | D:1      | Smaepdii the Merfolk Gladiator began the quest for the Orb.
     0 | D:1      | Reached XP level 1. HP: 16/16 MP: 1/1
   294 | D:1      | Reached XP level 2. HP: 23/23 MP: 2/2
   560 | D:1      | Reached skill level 5 in Polearms
   790 | D:1      | Reached XP level 3. HP: 26/28 MP: 3/3
  1945 | D:2      | Reached XP level 4. HP: 32/34 MP: 4/4
  2094 | D:2      | Reached skill level 6 in Polearms
  2228 | D:2      | Found a faded altar of an unknown god.
  2228 | D:2      | Noticed Terence
  2243 | D:2      | Killed Terence
  2244 | D:2      | Reached skill level 5 in Dodging
  2360 | D:3      | You fall into a shaft and drop 3 floors!
  2361 | D:6      | Noticed a scorpion
  2361 | D:6      | Noticed a necrophage
  2367 | D:5      | Entered Level 5 of the Dungeon
  2382 | D:5      | Slain by a scorpion

Illustrated notes

Levels and vault maps discovered:
D:1:      dpeg_arrival_brainrot, layout_loops_corners,
          chequers_serial_rivers_room_b, minmay_split_cup_small
D:2:      layout_rooms, basic_ecumenical_altar, uniq_terence
D:3:      layout_basic, lemuel_crystal_altar
D:5:      layout_loops_ring, minmay_crystal_water, uniq_ijyb
D:6:      lemuel_ratsnest, layout_loops_cross,
          mainiacjoe_overflow_six_doors_small, minmay_temple_entry_butterflies

Skill      XL: |  1  2  3  4 |
---------------+-------------+-----
Polearms       | 5 6 |  6.4
Fighting       | 3 |  3.2
Dodging        | 5 |  5.0
Throwing       | |  2.0

Action                   |  1- 3 |  4- 6 || total
-------------------------+-------+-------++-------
Melee: Trident           |   126 |    35 ||   161
Throw: Throwing net      |       |     2 ||     2
 Stab: Sleeping          |     1 |       ||     1
Armor: Leather armour    |     9 |       ||     9
       Ring mail         |    13 |     6 ||    19
Dodge: Dodged            |    47 |    12 ||    59
